 Dungeon Crawl Stone Soup version 0.27-a0-1060-gcb85b5eba1 (webtiles) character file.

Game seed: 1061053076504712513

954 HoaS the Ruffian (level 7, -2/71 HPs)
             Began as a Troll Monk on Apr 21, 2021.
             Killed by nerve-wracking pain
             ... invoked by an orc priest
              (11 damage)
             ... on level 6 of the Dungeon.
             The game lasted 00:05:31 (2222 turns).

HoaS the Ruffian (Troll Monk)                       Turns: 2222, Time: 00:05:32

Health: -2/71      AC:  4    Str: 20    XL:     7   Next: 91%
Magic:  6/6        EV: 11    Int:  6    God:
Gold:   98         SH:  0    Dex: 14    Spells: 6/6 levels left

rFire    . . .     SeeInvis .     - Unarmed
rCold    . . .     Faith    .   (no shield)
rNeg     . . .     Spirit   .   a - +0 robe
rPois    .         Reflect  .   (helmet restricted)
rElec    .         Harm     .   (no cloak)
rCorr    .         Rampage  .   (gloves unavailable)
Will     .....                  (boots unavailable)
Stlth    ++........             (no amulet)
HPRegen  1.21/turn              (no ring)
MPRegen  0.10/turn              (no ring)

@: hasted, very quick
A: large, unfitting armour, claws 3, regeneration 1, shaggy fur 1, tough skin 1
a: no special abilities


You were on level 6 of the Dungeon.
You visited 1 branch of the dungeon, and saw 4 of its levels.

You collected 98 gold pieces.

Inventory:

Armour
 a - a +0 robe (worn)
Scrolls
 b - a scroll of fear
Potions
 c - a potion of curing


   Skills:
 + Level 4.4 Fighting
 + Level 4.4 Dodging
 - Level 1.0 Stealth
 * Level 7.1 Unarmed Combat


You had 6 spell levels left.
You didn't know any spells.
Your spell library contained the following spells:

 Spells                   Type           Power      Damage    Failure   Level
 Sandblast                Erth           0%         2d4       45%         1
 Passwall                 Tmut/Erth      0%         N/A       58%         2
 Stone Arrow              Conj/Erth      0%         3d7       83%         3
 Petrify                  Tmut/Erth      0%         N/A       99%         4
 Lee's Rapid Deconstruct  Erth           0%         3d5*      100%        5


Dungeon Overview and Level Annotations

Branches:
Dungeon (3/15)

Altars:


Innate Abilities, Weirdness & Mutations

You are too large for most types of armour.
You have claws for hands.
Your natural rate of healing is unusually fast.
You are covered in fur. (AC +1)
You have tough skin. (AC +1)


Message History

The yak is almost dead.
The yak gores you.
You claw the yak!
You kill the yak!
You swing at nothing.
The orc priest mumbles some strange prayers to Beogh against you.
Pain shoots through your body!
You scratch the yak.
The yak is moderately wounded.
The yak barely misses you.
You scratch the yak.
The yak is heavily wounded.
You mangle the yak!!
The yak is almost dead.
The yak gores you but does no damage.
You barely miss the yak.
The yak is almost dead.
You scratch the yak.
You kill the yak!
Your Unarmed Combat skill increases to level 7!
You scratch the yak but do no damage. The yak gores you!
You claw the yak!
The yak is lightly wounded.
You claw the yak!
The yak is heavily wounded.
The yak gores you!
* * * LOW HITPOINT WARNING * * *
You claw the yak!
The yak is severely wounded.
You barely miss the yak. Your claw misses the yak.
The yak is severely wounded.
The yak gores you!
* * * LOW HITPOINT WARNING * * *
You barely miss the yak.
The yak is severely wounded.
You claw the yak!
You kill the yak!
The orc priest calls down the wrath of Beogh upon you.
Pain shoots through your body!
You die...

... $.. #.# .#. ... .. #.#
#.. ... #.#.. #..###.#
#.###.#..# ## #..##..# #..
...... . # .##..##.?# #.#
#.#..#.#.# .........# #.#
#@#..#.#.##.
.##..##..###.###)#........
...........YY..Yo#..#.#.##.
....)......Y...oY..........
.....##).###...............
......#..###..##†#..###.##
......Y.............†...#
........................#
..#.................##..#


You could see 2 yaks, an orc priest and an orc.

Vanquished Creatures
  4 yaks (D:6)
  Duvessa (D:6)
  A necrophage (D:6)
  A scorpion (D:6)
  Dowan (D:6)
  An orc priest (D:6)
  6 gnolls
  4 adders (D:2)
  A shadow imp (D:6)
  2 worms (D:2)
  3 orcs
  5 endoplasms
  2 giant cockroaches (D:2)
  8 goblins
  5 hobgoblins
  3 jackals
  3 kobolds
  A quokka (D:2)
  8 ball pythons
  7 bats
  5 frilled lizards
  4 rats
76 creatures vanquished.

Vanquished Creatures (others)
  2 fungi (D:2)
  A withered plant (D:2)
3 creatures vanquished.

Grand Total: 79 creatures vanquished

Notes
Turn   | Place    | Note
-------+----------+-------------------------------------------
     0 | D:1      | HoaS the Troll Monk began the quest for the Orb.
     0 | D:1      | Reached XP level 1. HP: 22/22 MP: 0/0
   138 | D:1      | Reached XP level 2. HP: 29/29 MP: 1/1
  1002 | D:2      | Reached XP level 3. HP: 36/36 MP: 2/2
  1014 | D:2      | Reached skill level 4 in Unarmed Combat
  1033 | D:1      | Reached XP level 4. HP: 24/44 MP: 3/3
  1490 | D:2      | Found a faded altar of an unknown god.
  1729 | D:2      | Reached XP level 5. HP: 53/53 MP: 4/4
  2075 | D:3      | You fall into a shaft and drop 3 floors!
  2084 | D:6      | Reached skill level 5 in Unarmed Combat
  2091 | D:6      | Noticed Dowan
  2091 | D:6      | Noticed Duvessa
  2110 | D:6      | Killed Dowan
  2111 | D:6      | Reached XP level 6. HP: 56/61 MP: 5/5
  2143 | D:6      | HP: 3/61 [Duvessa/+0 short sword (13)]
  2145 | D:6      | Killed Duvessa
  2172 | D:6      | Noticed a yak
  2172 | D:6      | Noticed a yak
  2172 | D:6      | Noticed a yak
  2174 | D:6      | Noticed a yak
  2175 | D:6      | Noticed a yak
  2176 | D:6      | Reached skill level 6 in Unarmed Combat
  2198 | D:6      | Killed a yak
  2199 | D:6      | Reached XP level 7. HP: 40/70 MP: 6/6
  2203 | D:6      | Noticed a yak
  2209 | D:6      | Killed a yak
  2215 | D:6      | Killed a yak
  2216 | D:6      | Reached skill level 7 in Unarmed Combat
  2222 | D:6      | Killed a yak
  2222 | D:6      | Killed from afar by an orc priest

Illustrated notes

Levels and vault maps discovered:
D:1:      dpeg_arrival_simpleton_a, layout_basic
D:2:      kennysheep_six_static_rooms, layout_loops_cross,
          shapermc_ecumenical_altar_gd, serial_park_tiny_pond
D:3:      layout_loops_ring, uniq_grinder
D:6:      layout_basic, uniq_duvessa

Skill      XL: |  1  2  3  4  5  6  7 |
---------------+----------------------+-----
Unarmed Combat | 4 5 6 7 |  7.1
Fighting       | 3 4 |  4.4
Dodging        | 3 4 |  4.4
Stealth        | |  1.0

Action                   |  1- 3 |  4- 6 |  7- 9 || total
-------------------------+-------+-------+-------++-------
Melee: Unarmed           |    93 |   123 |    23 ||   239
       Punch             |     1 |     3 |       ||     4
  Use: Scroll            |     2 |     3 |       ||     5
       Potion            |       |     1 |       ||     1
 Stab: Sleeping          |     2 |     1 |       ||     3
Armor: Robe              |    29 |    22 |     2 ||    53
Dodge: Dodged            |    43 |    48 |     3 ||    94

Table legend: (Time is in decaauts)
 A = Elapsed time spent in this place.
 B = Non-inter-level travel time spent in this place.
 C = Inter-level travel time spent in this place.
 D = Time resting spent in this place.
 E = Time spent auto-exploring this place.
 F = Levels seen in this place.
 G = Mean time per level.
                   A        B        C        D        E       F      G
               +--------+--------+--------+--------+--------+-----+--------+
         Total |   2192 |   2113 |     79 |     88 |   1503 |   4 |  548.0 |
       Dungeon |   2192 |   2113 |     79 |     88 |   1503 |   4 |  548.0 |
               +--------+--------+--------+--------+--------+-----+--------+

Top non-repeatable levels by time:
     D:1: 986 daAuts
     D:2: 965 daAuts
     D:6: 130 daAuts
     D:3: 109 daAuts
